 Dungeon Crawl Stone Soup version 0.19-a0-1571-g5ccf90f (webtiles) character file.

135 JeffiDaFish the Sneak (level 4, -2/21 HPs)
             Began as a Spriggan Enchanter on Sept 9, 2016.
             Killed by divine providence
             ... invoked by an orc priest
              (16 damage)
             ... on level 3 of the Dungeon on Sept 16, 2016.
             The game lasted 00:18:29 (2394 turns).

JeffiDaFish the Sneak (Spriggan Enchanter)          Turns: 2394, Time: 00:18:30

Health: -2/21      AC:  4    Str:  4    XL:     4   Next: 97%
Magic:  9/10       EV: 19    Int: 17    God:
Gold:   109        SH:  0    Dex: 16    Spells: 2 memorised, 7 levels left

rFire  . . .     SeeInvis +     a - +2 dagger
rCold  . . .     Gourm    .     b - +2 robe
rNeg   . . .     Faith    .     (shield restricted)
rPois  .         Spirit   .     (helmet restricted)
rElec  .         Dismiss  .     (no cloak)
rCorr  +         Reflect  .     (gloves unavailable)
MR     .....     Harm     .     (boots unavailable)
Stlth  ++++......               (no amulet)
                                (no ring)
                                f - ring of resist corrosion

@: very quick
A: unfitting armour, see invisible, herbivore 3, speed 3, slow metabolism 2
a: no special abilities


You were on level 3 of the Dungeon.
You were not hungry.

You visited 1 branch of the dungeon, and saw 3 of its levels.

You collected 109 gold pieces.

Inventory:

Hand Weapons
 a - a +2 dagger (weapon)
Missiles
 e - 3 curare-tipped needles (quivered)
Armour
 b - a +2 robe (worn)
Jewellery
 f - a ring of resist corrosion (left hand)
Scrolls
 g - a scroll of amnesia
 h - a scroll of magic mapping
Potions
 i - a potion of cancellation {unknown}
Books
 c - a book of Maledictions

   Spells                             Type                      Level
   a - Corona                         Hexes                        1
   b - Ensorcelled Hibernation        Hexes/Ice                    2
   c - Confuse                        Hexes                        3
   d - Tukima's Dance                 Hexes                        3
   e - Dazzling Spray                 Conjuration/Hexes            3
Comestibles
 d - 4 bread rations
 j - a royal jelly


   Skills:
 + Level 0.5 Fighting
 + Level 2.0 Short Blades
 + Level 3.8 Dodging
 + Level 5.8 Stealth
 * Level 3.6 Spellcasting
 + Level 4.6 Hexes


You had 7 spell levels left.
You knew the following spells:

 Your Spells              Type           Power        Failure   Level  Hunger
a - Corona                Hex            ###....      2%          1    None
b - Ensorcelled Hibernat  Hex/Ice        ##....       12%         2    ##.....


Dungeon Overview and Level Annotations

Branches:
Dungeon (3/15)

Altars:


Innate Abilities, Weirdness & Mutations

You are tiny and cannot use many weapons and most armour.
You have supernaturally acute eyesight. (SInv)
You are a herbivore.
You cover ground extremely quickly.
You need consume almost no food.


Message History

The orc misses you.
You hit the orc but do no damage.
The orc is severely wounded.
The orc barely misses you.
You hit the orc.
You kill the orc!
The orc priest invokes the aid of Beogh against you.
Pain shoots through your body!
The orc priest miscasts a cantrip.
Found a stone staircase leading down.
j - a royal jelly
There is an open door here.
Things that are here:
a hand axe; a ring mail; a dagger
Things that are here:
a dagger; a runed ring mail The orc priest invokes the aid of Beogh against you.
Beogh smites you!
Ouch! That really hurt!
You die...

#.......# #.#.#..#.#รท..
#.......# #...##.#.####
###.......#############.#....#
..........')...............>..
..........###)#########<###..#
..........# #.# ### #..#
......%...# #.# #).#
........### #.# #..# ........#
#@# #### ........## #.#
#######..# #.# ##.# #.# #.##
#.# #..# #o# ##.# #.# #.###o#
#..##.#


You could see an orc priest and an orc.

Vanquished Creatures
  A centaur zombie (D:3)
  An orc priest (D:3)
  An adder (D:2)
  2 worms
  2 dart slugs
  A leopard gecko (D:1)
  3 orcs (D:3)
  2 giant cockroaches (D:2)
  4 goblins
  10 hobgoblins
  2 quokkas (D:3)
  8 bats
  A frilled lizard (D:1)
  3 kobolds
  7 rats
48 creatures vanquished.

Notes
Turn   | Place    | Note
-------+----------+-------------------------------------------
     0 | D:1      | JeffiDaFish the Spriggan Enchanter began the quest for the Orb.
     0 | D:1      | Reached XP level 1. HP: 9/9 MP: 5/5
   102 | D:1      | Upgraded the game from 0.19-a0-1494-gdfa627f to 0.19-a0-1571-g5ccf90f
   189 | D:1      | Reached XP level 2. HP: 13/13 MP: 6/6
   204 | D:1      | Learned a level 2 spell: Ensorcelled Hibernation
   953 | D:2      | Reached XP level 3. HP: 16/16 MP: 2/8
  1227 | D:2      | Reached skill level 5 in Stealth
  1850 | D:3      | Reached XP level 4. HP: 18/21 MP: 9/9
  2394 | D:3      | Killed from afar by an orc priest

Vault maps used:
D:1:      dpeg_arrival_pits, grunt_decor_cap, minmay_pentomino_s2
D:3:      xom_butterflies, first_bread, kennysheep_generic_room_11

Skill      XL: |  1  2  3  4 |
---------------+-------------+-----
Hexes          | 4 |  4.6
Spellcasting   | 3 |  3.6
Stealth        | 5 |  5.8
Short Blades   | 2 |  2.0
Fighting       | |  0.5
Dodging        | |  3.8

Action                   |  1- 3 |  4- 6 || total
-------------------------+-------+-------++-------
Melee: Dagger            |   168 |    36 ||   204
 Cast: Corona            |     4 |     1 ||     5
       Ensorcelled Hiber |    10 |     3 ||    13
  Use: Scroll            |     7 |       ||     7
       Potion            |     4 |       ||     4
 Stab: Sleeping          |    20 |     1 ||    21
Armor: Robe              |    28 |     4 ||    32
Dodge: Dodged            |   155 |    20 ||   175
